[Event "Romanian Rapid Open 2022"]
[Site "Sebes"]
[Date "2022.12.02"]
[Round "5.5"]
[White "Soltanici, Ruslan"]
[Black "Jianu, Vlad-Cristian"]
[Result "1/2-1/2"]
[ECO "B13"]
[WhiteElo "2357"]
[BlackElo "2516"]
[Annotator "TA"]
[PlyCount "101"]
[EventDate "2022.12.02"]
[EventType "rapid"]
[EventCountry "ROU"]
[SourceTitle "playchess.com"]
[Source "ChessBase"]
[SourceQuality "1"]
[TimeControl "600+5"]

1. e4 c6 2. d4 d5 3. exd5 cxd5 4. c4 Nf6 5. Nc3 Nc6 6. Nf3 a6 7. cxd5 Nxd5 8. Bd3 {[%emt 0:00:01] B13: Caro-Kann: Exchange Variation and Panov-Botvinnik Attack.} g6 9. O-O Bg7 10. Be4 {[%emt 0:00:28] [#] White has an edge.} Nf6 $146 ({Predecessor:} 10... Be6 11. Bg5 O-O 12. h3 h6 13. Bh4 Nxc3 14. bxc3 Bd5 15. Re1 Bxe4 16. Rxe4 Qd5 {½-½ (30) Lopez Gracia,F (2299)-Jaracz,P (2456) Chess.com INT 2021}) 11. Bxc6+ bxc6 12. Re1 O-O 13. b3 Bg4 {[%emt 0:01:03][%cal Oc6c5] The position is equal.} 14. h3 {[%emt 0:00:42] Prevents c5.} Bxf3 15. Qxf3 Qxd4 (15... Nd5 {simplifies} 16. Nxd5 Qxd5 17. Qxd5 cxd5 18. Ba3 Rfc8) 16. Ba3 {[%emt 0:00:47] [#] Threatens to win with Rad1.} Nd5 17. Nxd5 Qxd5 18. Qxd5 cxd5 19. Rad1 Rfc8 20. Rxd5 e6 21. Rc5 Rd8 22. Rc2 {[%emt 0:00:13] Inhibits Rd2.} Rd5 23. Bb2 h5 24. Bxg7 Kxg7 $11 {[%emt 0:00:01][%mdl 4096] Endgame KRR-KRR} 25. h4 Rad8 26. g3 Ra5 27. Re4 Rd1+ 28. Kg2 Ra1 29. a4 Rd5 30. Rf4 Rd7 31. Rc6 Rb1 32. Rf3 a5 33. Rc5 Rb7 34. Rxa5 R1xb3 35. Rxb3 Rxb3 {[%emt 0:00:01] KR-KR} 36. Ra7 Ra3 37. a5 Kf6 38. Kf1 e5 39. Ke2 e4 40. Ra6+ Kf5 41. Ra7 f6 42. Ra6 g5 43. hxg5 fxg5 44. Ra8 $1 h4 45. gxh4 gxh4 46. a6 Kg6 47. Rh8 Kg5 48. Ra8 {[%emt 0:00:08] [#] aiming for a7.} Kg6 49. Rh8 Rxa6 50. Rxh4 Kf5 51. Rh8 {[%emt 0:00:02] Weighted Error Value: White=0.03 (flawless) /Black=0.03 (flawless)} 1/2-1/2

[Event "Romanian Rapid Open 2022"]
[Site "Sebes"]
[Date "2022.12.02"]
[Round "5.6"]
[White "Nastase, Robert-Paul"]
[Black "Costachi, Mihnea"]
[Result "1/2-1/2"]
[ECO "C34"]
[WhiteElo "2229"]
[BlackElo "2476"]
[Annotator "TA"]
[PlyCount "167"]
[EventDate "2022.12.02"]
[EventType "rapid"]
[EventCountry "ROU"]
[SourceTitle "playchess.com"]
[Source "ChessBase"]
[SourceQuality "1"]
[TimeControl "600+5"]

1. e4 e5 2. f4 exf4 3. Nf3 Nf6 4. Nc3 d5 5. e5 Nh5 $1 6. d4 {[%emt 0:00:32] C34: King's Gambit Accepted: 3 Nf3: 3...Nf6 and 3...d6.} g5 {[%emt 0:01:10][%cal Bg7g5,Bg5g4][%mdl 32] [#]} 7. g3 $146 (7. Ng1 $11 g4 8. Nh3) ({Predecessor:} 7. Bd3 g4 8. O-O Be6 9. Ne1 c5 10. Ne2 c4 {0-1 (10) Bogdanovich,S (2562)-Sahoo,U (2348) New Delhi 2020}) 7... g4 $17 (7... fxg3 $2 8. Bxg5 (8. Nxg5 Ng7 $18) 8... Be7 9. Bxe7 $18) 8. Nh4 {[%emt 0:00:35] Black is better.} fxg3 9. Ng2 {[%emt 0:00:05] [#]} Be7 (9... c5 $1 $17 {Threatens to win with ...Nc6.} 10. Bf4 Nc6 11. hxg3 cxd4 12. Rxh5 dxc3 13. bxc3 Be6) 10. Qd3 ({Better is} 10. h3 $11) 10... Nc6 $15 11. a3 (11. hxg3 $2 Nb4 12. Rxh5 (12. Qb5+ $2 Bd7 $19) 12... Nxd3+ $19) (11. Bh6 $1 $15) 11... Ng7 {[%emt 0:00:27] ...Bf5 is the strong threat.} 12. hxg3 Bf5 $36 {[%emt 0:00:28][%mdl 2048] White is under strong pressure.} 13. Qb5 ({White should play} 13. Qd1) 13... a6 14. Qxb7 (14. Qb3 $17) 14... Nxd4 $19 15. Nxd5 (15. Ne3 {was called for.} c6 16. Ne2 Nf3+ 17. Kd1) 15... Nxc2+ (15... Rb8 $142 16. Qxc7 (16. Qxa6 $2 Nxc2+ 17. Kf2 Qxd5 $19) (16. Nxc7+ $2 Kf8 $19) 16... Nxc2+ 17. Kf2 Nxa1 18. Qxe7+ Qxe7 19. Nxe7 Kxe7 20. Bg5+ Ke8) 16. Kf2 {[%emt 0:00:01] aiming for Qc6+.} O-O ({And not} 16... Nxa1 17. Qc6+ (17. Nxc7+ Kf8 $15) 17... Kf8 18. Nxe7 $11) 17. Ra2 (17. Nge3 {keeps fighting.} Nxe3 18. Bxe3) 17... Kh8 (17... Bc5+ $19 18. Nge3 Bxe3+ 19. Bxe3 Nxe3 20. Nxe3 Rb8) 18. b4 $17 {[%emt 0:00:26] [#]} Be4 (18... Bc5+ $1 $17 19. Nge3 (19. bxc5 Rb8 $17) 19... Nxe3 20. Bxe3 Bxe3+ 21. Nxe3 Qg5) 19. Nf6 $1 $11 {[%emt 0:00:11] Active counter play!} Qd4+ (19... Bxb7 $2 20. Rxh7#) 20. Be3 Nxe3 (20... Bxb7 $2 21. Rxh7#) 21. Qxe4 {[%emt 0:00:06] Dancing on a razor blade.} Qxe4 22. Nxe4 Nxf1 23. Rxf1 (23. Kxf1 {simplifies} f5 24. exf6 Bxf6 25. Nf4) 23... f5 24. exf6 {[%emt 0:00:20] And now Kg1 would win.} Bxf6 25. Nxf6 {[%emt 0:00:36] The position is equal.} Rxf6+ 26. Nf4 $1 Ne6 27. Kg2 Raf8 28. Rc2 Nxf4+ 29. gxf4 Rxf4 30. Rxf4 Rxf4 31. Rxc7 {[%emt 0:00:01][%mdl 4096] Endgame KR-KR} Rf3 32. a4 Rb3 33. Rc4 h5 {[%emt 0:00:05] White must now prevent ...Kg7.} 34. Rc5 Rb2+ 35. Kg3 Rb3+ 36. Kg2 Rxb4 37. Rxh5+ Kg7 38. Ra5 Rb6 39. Kg3 Rg6 40. Rf5 Kh6 41. Re5 Rd6 42. Re4 Kg5 {[%emt 0:00:04] Hoping for ...Rd3+.} 43. Rxg4+ Kf5 44. Rh4 Rd3+ 45. Kf2 Ra3 46. Ke2 $1 Ke5 47. Kd2 $1 Kd5 48. Kc2 Kc5 49. Kb2 Rg3 50. Rf4 a5 51. Ka2 Rd3 52. Kb2 Re3 53. Ka2 Rg3 54. Kb2 Rd3 55. Ka2 Rd8 56. Kb2 Rb8+ 57. Kc3 Rd8 58. Rf5+ Kb6 59. Rb5+ Ka6 60. Rh5 Rd6 61. Kc4 Rc6+ 62. Kb3 $1 Rg6 63. Rh3 Kb6 64. Re3 Rd6 65. Rf3 Rd5 66. Rg3 Kc5 67. Rc3+ Kd4 68. Rh3 Rd8 69. Rh4+ Kd3 70. Rh3+ Kd4 71. Rh4+ Kc5 72. Rh5+ Rd5 73. Rh3 Rg5 74. Rf3 Kd4 75. Rf4+ Kd3 76. Rf8 Rd5 77. Rb8 Kd4 78. Rb5 Rxb5+ 79. axb5 {[%emt 0:00:01] White wants to mate with b6. KP-KP} Kc5 {[%emt 0:00:01] Prevents b6.} 80. Ka2 a4 81. Kb2 Kxb5 82. Ka3 Kb6 83. Kb4 a3 84. Kxa3 {[%emt 0:00:01] And White is the lucky defender.   Weighted Error Value: White=0.20 (precise) /Black=0.23 (precise)} 1/2-1/2

[Event "Romanian Rapid Open 2022"]
[Site "Sebes"]
[Date "2022.12.02"]
[Round "5.7"]
[White "Anton, Teodor"]
[Black "Creanga, Robert-Ionut"]
[Result "0-1"]
[ECO "A13"]
[WhiteElo "2438"]
[BlackElo "2190"]
[Annotator "TA"]
[PlyCount "150"]
[EventDate "2022.12.02"]
[EventType "rapid"]
[EventCountry "ROU"]
[SourceTitle "playchess.com"]
[Source "ChessBase"]
[SourceQuality "1"]
[TimeControl "600+5"]

1. Nf3 Nf6 2. c4 e6 3. g3 d5 4. Bg2 dxc4 5. Qa4+ Nbd7 6. O-O a6 7. Qxc4 b5 8. Qc2 Bb7 9. a4 Bd6 {[%emt 0:01:32] A13: English Opening: 1...e6.} 10. d3 O-O 11. Nc3 b4 {[%emt 0:00:27] [#] The position is equal.} 12. Nd1 $146 ({Predecessor:} 12. Nb1 e5 13. Nbd2 Qe7 14. Nh4 Bxg2 15. Kxg2 Nc5 16. e4 Rad8 17. b3 Qe6 18. Nc4 Be7 19. Rd1 Nfxe4 20. dxe4 Bxh4 21. Be3 Be7 22. Na5 Qb6 23. Nc4 Qe6 24. Na5 {½-½ (24) Otero Acosta,D (2428)-Ordaz Valdes,L (2414) Havana 2018}) 12... a5 13. e4 Ne5 14. Ne1 Nc6 15. Be3 {[%emt 0:01:47][%cal Oe4e5] Against Nd4} Be5 16. Nf3 Ng4 17. Bc5 Bd6 18. d4 Bxc5 (18... b3 $15 {feels stronger.} 19. Qxb3 Bxc5 20. dxc5 Ba6) 19. Qxc5 $11 Nf6 20. Re1 Nd7 (20... b3 $5 ) 21. Qc2 Nb6 (21... b3 $14 {was preferrable.} 22. Qxb3 Nb4) 22. Ne3 $16 Nb8 23. Rac1 Na6 24. Red1 ({Better is} 24. Nc4 $16) 24... Rc8 (24... b3 $1 $14 25. Qb1 (25. Qxb3 Bxe4 26. Ne5 Bxg2 $14) 25... Nxa4) 25. Ne5 $18 Qe8 26. b3 c5 {[%emt 0:00:02] [#]} 27. N3c4 (27. Qb2 $1 $18) 27... cxd4 28. Rxd4 (28. Qd2 {simplifies} Nxc4 29. Nxc4 Rc5 30. Qxd4 Qc8 31. Qd6) 28... f6 29. Rd6 $1 Nxa4 30. Nd7 Rf7 (30... Nc3 $1 $14) 31. Nxf6+ (31. Bh3 {seems wilder.} f5 32. Nde5 Bxe4 33. Qd2) 31... gxf6 32. bxa4 Rfc7 {[%emt 0:00:14] [#]} 33. Bf1 (33. Qd1 $1 $16) 33... Nc5 $36 {[%emt 0:00:02][%csl LRa4,LRe4][%mdl 2048] Black fights for an advantage.} 34. Nb6 $2 (34. Rd4 $11) 34... Nxe4 $19 (34... Bxe4 $2 35. Qd1 Kg7 36. Nxc8 Rxc8 37. Bb5 $18) 35. Nxc8 Rxc2 36. Rxc2 Nxd6 37. Nxd6 Qd7 38. Nxb7 Qxb7 {[%emt 0:00:01][%mdl 4096] Endgame KQ-KRB} 39. Bc4 Kf7 {[%emt 0:00:08] And now ...b3 would win.} 40. Re2 Qc6 41. Bb3 Ke7 42. Re3 e5 43. h4 (43. h3 $142) 43... h6 44. Kf1 Qc1+ 45. Ke2 Qb2+ 46. Ke1 f5 {[%emt 0:00:08] Against g4} 47. Rd3 f4 48. gxf4 exf4 49. Kf1 Kf6 50. Kg2 Ke5 51. Kf3 Qb1 52. Ke2 Qh1 53. h5 Qxh5+ 54. Kf1 Qh1+ 55. Ke2 Qe4+ 56. Kd2 h5 {[%emt 0:00:05] Strongly threatening ...h4.} 57. Rh3 Qf5 (57... Qg2 $142 58. Rxh5+ Kf6 59. Kc1 Qxf2 60. Rh6+ Kg5 61. Rc6 f3 62. Rc2 Qd4 63. Bc4 f2 64. Bf1 Qa1+ 65. Kd2 Qxf1 66. Rc5+ Kf4 67. Rc8 Qe1+ 68. Kc2 Qe2+ 69. Kb3 Qe6+ 70. Rc4+ Kg5 71. Kc2 Qxc4+ 72. Kb2 Qc3+ 73. Kb1 f1=Q+ 74. Ka2 Qc2#) 58. Rd3 Qe4 (58... Qc8 $19 59. Rd5+ Kf6) 59. Rh3 $1 Qd4+ (59... h4 $142 60. Kc1 Qe1+ 61. Bd1 Qxf2 62. Rd3 Qf1 63. Rf3 Qg2 64. Rd3 h3 65. Bf3 Qf1+ 66. Kc2 h2 67. Bc6 Qe2+ 68. Rd2 b3+ 69. Kc3 Qe1 70. Bf3 b2 71. Kxb2 Qxd2+ 72. Kb3 Qd3+ 73. Ka2 Qxf3 74. Kb2 h1=Q 75. Kc2 Qh2+ 76. Kc1 Qfh1#) 60. Ke2 Qb2+ 61. Kf1 Ke4 62. Kg2 Qe2 63. Bf7 Qg4+ 64. Kh2 Kd4 65. Bxh5 Qg7 {[%emt 0:00:05] White must now prevent ...Qe5.} 66. Bd1 Qe5 {[%emt 0:00:07] ...Qe1 is the strong threat.} 67. Bb3 f3+ 68. Rg3 Ke4 (68... Qe2 $142 69. Kh3 Qxf2 70. Rg4+ Kc3) 69. Bd1 Qf4 {[%emt 0:00:05] ( -> ...Qh6+)} 70. Kh3 Qh6+ 71. Kg4 Qf4+ (71... Qe6+ $142 72. Kh4 Qf6+ 73. Kh3 Qh8+ 74. Kg4 Qg8+ 75. Kh5 Qd5+ 76. Rg5 Qxd1 77. Rxa5 Qh1+ 78. Kg6 Qg2+ 79. Kf7 Qxf2 80. Rh5 b3 81. Rg5 b2 82. Rb5 Qd4 83. Ke7 f2 84. Rg5 f1=R 85. Rh5 Qg7+ 86. Kd6 Rf6+ 87. Kc5 Qc7+ 88. Kb4 b1=Q+ 89. Ka3 Qg3#) 72. Kh3 {[%emt 0:00:01] Hoping for Rg4.} Qf5+ 73. Kh4 Qf7 (73... Qh7+ $142 74. Kg5 Qg8+ 75. Kh6 Qh8+ 76. Kg6 Qe8+ 77. Kf6 Qd8+ 78. Kf7 Qxd1 79. Rg5 Qxa4 80. Rh5 Qa2+ 81. Kf8 Qxf2 82. Kg8 Qg3+ 83. Kh7 b3 84. Rh6 b2 85. Rh1 Kf5 86. Kh8 Kf6 87. Rh6+ Kf7 88. Rh7+ Kf8 89. Rf7+ Kxf7 90. Kh7 Qh4#) 74. Kg4 b3 75. Rxf3 Qd7+ {[%emt 0:00:00] Never resign too early!   Weighted Error Value: White=0.66/Black=0.53} 0-1

[Event "Romanian Rapid Open 2022"]
[Site "Sebes"]
[Date "2022.12.02"]
[Round "5.8"]
[White "Vrencian, Lehel"]
[Black "Baratosi, Daniel"]
[Result "1/2-1/2"]
[ECO "C63"]
[WhiteElo "2226"]
[BlackElo "2335"]
[Annotator "TA"]
[PlyCount "71"]
[EventDate "2022.12.02"]
[EventType "rapid"]
[EventCountry "ROU"]
[SourceTitle "playchess.com"]
[Source "ChessBase"]
[SourceQuality "1"]
[TimeControl "600+5"]

1. e4 e5 2. Nf3 Nc6 3. Bb5 f5 4. Nc3 fxe4 5. Nxe4 Nf6 6. Nxf6+ Qxf6 7. Qe2 Be7 8. Bxc6 bxc6 9. Qxe5 {[%emt 0:00:15] C63: Ruy Lopez: Schliemann/Jaenisch Defence.} (9. d4 $5 ) 9... O-O 10. Qxf6 Bxf6 11. O-O {[%emt 0:00:24] White has an edge.} c5 12. d3 d6 13. Rb1 Bg4 {[%emt 0:00:42] [#]} 14. Nd2 $146 ({Predecessor:} 14. Re1 Bxf3 15. gxf3 Be5 {½-½ (15) Gabel,A (2352)-Lins,T (2462) GER email 2019}) 14... Bd4 {[%emt 0:00:10] This pair of bishops is nice.} 15. c3 Bf6 16. Re1 {[%emt 0:01:27] Inhibits Be2.} Rae8 17. Ne4 Be5 18. Be3 Bf5 19. Rbd1 Rb8 20. Rd2 c4 $1 21. Bxa7 (21. f4 $5 Bxe4 22. dxe4 Bxf4 23. Bxf4 Rxf4 24. e5 $11) 21... Ra8 22. Bd4 (22. Be3 {seems wilder.} cxd3 23. f4 Bxe4 24. fxe5 Rxa2 25. Bd4) 22... Bxd4 (22... Bf4 $1 $11 23. Be3 Bxe3 24. fxe3 Rxa2) 23. cxd4 $14 cxd3 (23... Bxe4 $14 24. dxe4 Rxa2) 24. Rxd3 $2 (24. Nc3 $16 {is necessary to keep the advantage.}) 24... d5 $19 ({Stronger than} 24... Rxa2 25. f3 $11) 25. Nc5 {[%emt 0:00:24] [#] Ra3 is the strong threat.} Bxd3 26. Nxd3 Rxa2 {[%emt 0:00:05][%mdl 4096] Endgame KRR-KRN} 27. h4 Ra4 28. b4 Ra3 29. Nc5 Ra2 30. f3 Rb2 31. Re7 {[%emt 0:00:02] [#]} Rb1+ ({Better is} 31... Rf6 $1 $17 32. h5 Rxb4) 32. Kf2 $15 Rb2+ ({Black should try} 32... Rf6 $15) 33. Kg3 Rf7 34. Re8+ Rf8 35. Re7 Rf7 (35... Rf6 $15) 36. Re8+ {[%emt 0:00:01] Weighted Error Value: White=0.27 (precise) /Black=0.20 (precise)} 1/2-1/2

[Event "Romanian Rapid Open 2022"]
[Site "Sebes"]
[Date "2022.12.02"]
[Round "5.9"]
[White "Stefan, Romulus-Cristian"]
[Black "Bulmaga, Irina"]
[Result "1/2-1/2"]
[ECO "A46"]
[WhiteElo "2097"]
[BlackElo "2426"]
[Annotator "TA"]
[PlyCount "93"]
[EventDate "2022.12.02"]
[EventType "rapid"]
[EventCountry "ROU"]
[SourceTitle "playchess.com"]
[Source "ChessBase"]
[SourceQuality "1"]
[TimeControl "600+5"]

1. d4 Nf6 2. Nf3 e6 3. Bg5 c5 4. e3 h6 5. Bh4 Nc6 6. Nbd2 {[%emt 0:00:38] A46: 1 d4 Nf6 2 Nf3 e6: Torre, London and Colle Systems.} b6 7. c3 Bb7 8. Bd3 {[%emt 0:00:02] White is slightly better.} d6 9. O-O g5 10. Bg3 {[%emt 0:00:02] [#]} Nh5 $146 ({Predecessor:} 10... g4 11. Ne1 h5 12. Bh4 Be7 13. f3 cxd4 14. exd4 Nd5 15. Bf2 Rg8 16. fxg4 hxg4 {1-0 (75) Almeida Saenz,A (2259)-Adewumi,T (2188) Charlotte 2022}) 11. Nc4 Nxg3 12. hxg3 cxd4 (12... g4 $15 13. Nh4 h5) 13. exd4 $14 Bg7 {[%emt 0:00:12] Against d5} 14. Nfd2 (14. d5 $16 exd5 15. Re1+ Kf8 16. Ne3) 14... O-O (14... Qc7 $11 {was preferrable.}) 15. a4 Qd7 16. Qb3 Kh8 17. Rfd1 d5 18. Ne3 f5 19. Nf3 g4 20. Nh4 {[%emt 0:00:38] Ng6+ is the strong threat.} Ne7 {[%emt 0:00:03] Against Ng6+} 21. a5 bxa5 (21... Qc7 $11) 22. Rxa5 $16 Bf6 23. Rda1 {[%emt 0:00:21] White has more active pieces.} Bc6 24. Qa3 (24. Qd1 $142) 24... Bxh4 (24... Bb7 $16) 25. gxh4 $18 Rfb8 (25... Bb7 {might work better.} 26. Bb5 (26. Rxa7 Rxa7 27. Qxa7 Ra8 $11) 26... Qc7) 26. Rxa7 $2 ({White should try} 26. b4 $18) 26... Rxa7 $11 27. Qxa7 Qd6 (27... Ra8 $11 28. Qxa8+ Bxa8 29. Rxa8+ Kg7) 28. Qa3 (28. Nd1 $142) 28... Qxa3 $16 29. bxa3 Rb3 {[%emt 0:00:02] [#]} (29... Ra8 $16 {was necessary.}) 30. Nd1 $1 $18 Bb5 $2 (30... Kg8 $16 31. a4 Kf7) 31. Bxb5 $2 (31. Bc2 $18 {is the precise move to win.}) 31... Rxb5 {[%emt 0:00:02][%mdl 4096] Endgame KRN-KRN} 32. a4 Ra5 (32... Rb7 $16) 33. Nb2 Nc8 (33... Ng6 {is a better defense.} 34. g3 Kg7) 34. Nd3 Kg7 35. Nc5 Kf6 36. Rb1 {[%emt 0:00:02] Inhibits Nb6.} ({Much less strong is} 36. Re1 $6 Kf7 37. Nxe6 Nd6 38. Nd8+ Kf8 $18) 36... Nd6 37. Rb6 Ne4 38. Nxe6 (38. Rxe6+ $18 {and the rest is easy.} Kf7 39. Rc6 (39. Rxh6 Nxc5 40. dxc5 Rxc5 $16)) 38... Nxc3 $16 39. Nc5+ Kg7 40. Rb7+ Kg6 41. Rb6+ Kg7 $1 42. Rb7+ (42. Rb2 $16) 42... Kf6 (42... Kg6 $1 $11) 43. Rb6+ ({Better is} 43. Kh2 $16) 43... Ke7 (43... Kg7 $1 $11) 44. Rb7+ (44. Rb2 $16) 44... Ke8 (44... Kf6 $1 $11 {remains equal.}) 45. Rb8+ Ke7 46. Rb7+ (46. Kh2 $16) 46... Ke8 $2 {[%emt 0:00:36] [#]} (46... Kf6 $11 {and Black stays safe.}) 47. Rb8+ $2 {[%emt 0:00:02] Black defended with fortune.   Weighted Error Value: White=0.58/Black=0.61} (47. Rb2 $1 $18) 1/2-1/2

[Event "Romanian Rapid Open 2022"]
[Site "Sebes"]
[Date "2022.12.02"]
[Round "5.10"]
[White "Ciolacu, Alessia-Mihaela"]
[Black "Stoleriu, George"]
[Result "0-1"]
[ECO "E90"]
[WhiteElo "2097"]
[BlackElo "2389"]
[Annotator "TA"]
[PlyCount "90"]
[EventDate "2022.12.02"]
[EventType "rapid"]
[EventCountry "ROU"]
[SourceTitle "playchess.com"]
[Source "ChessBase"]
[SourceQuality "1"]
[TimeControl "600+5"]

1. Nf3 Nf6 2. c4 g6 3. Nc3 Bg7 4. d4 O-O 5. e4 d6 6. h3 Na6 7. Bd3 e5 8. d5 Nc5 9. Bc2 a5 10. Be3 {[%emt 0:08:56] E90: King's Indian: Classical: Early deviations and 6 h3.} Nh5 11. g3 f5 12. exf5 {[%emt 0:00:00] White is slightly better.} (12. Bxc5 {simplifies} dxc5 13. Nd2 Nf6 14. Qe2) 12... gxf5 13. Nh4 {[%emt 0:00:00] [#]} Nf4 $146 ({Predecessor:} 13... Qe8 14. g4 fxg4 15. hxg4 Nf4 16. Nf5 Ng2+ 17. Kd2 Nxe3 18. fxe3 e4 19. Rh5 Bxf5 20. gxf5 Qe5 21. Qg4 Kh8 22. Rah1 Kg8 23. Rxh7 Rxf5 24. Rh8+ Kf7 25. Rxa8 {1-0 (25) Bohne,L (1975)-Mayeres,H (1851) Neustadt an der Weinstrasse 2016}) 14. Qd2 {[%emt 0:00:00] Prevents a4.} Ng6 {[%emt 0:00:00] [#]} 15. Nxg6 hxg6 16. h4 Bf6 17. O-O-O a4 18. a3 (18. h5 $142) 18... Bd7 (18... Nb3+ $16 19. Bxb3 axb3) 19. Kb1 (19. h5 $18) 19... Rb8 (19... Nb3 $14 20. Bxb3 axb3) 20. h5 g5 21. h6 (21. Bxc5 $18 dxc5 22. d6 (22. Nxa4 Bxa4 23. Bxa4 e4 $16) (22. Bxa4 Bxa4 23. Nxa4 Qd6 $16)) 21... Kh8 ({Black should play} 21... Nb3 $14 22. Qd3 e4) 22. g4 (22. Bxc5 $16 dxc5 23. f3 (23. Nxa4 b5 $14) (23. Bxa4 e4 $16)) 22... Nb3 $11 23. Bxb3 (23. Qe2 $142) 23... axb3 24. gxf5 Bxf5+ 25. Ka1 Rg8 26. f3 Qd7 27. Ne4 Bxe4 28. fxe4 Rbf8 29. Rdf1 ({Better is} 29. h7 $11 Rg6 30. Qg2) 29... g4 $15 30. Rf5 Be7 (30... Qh7 $15) 31. Rhf1 {[%emt 0:00:15][%cal Oh6h7] [#] h7! is the strong threat.} (31. h7 $5 Rg6 $8 32. Qd3 $15) 31... Rxf5 32. Rxf5 g3 {[%emt 0:00:11] Hoping for ...Rf8.} 33. Rf7 (33. Qd3 $15) 33... Qe8 34. Rf5 g2 35. Bg1 Qg6 36. Qe3 (36. Qd1 $142 Qg3 37. Rf3) 36... Qg4 {[%emt 0:00:32] ( -> ...Qd1+)} 37. Qxb3 Rf8 {[%emt 0:00:21] Prevents Rf7.} (37... Qxe4 $142 38. Rf7 Rf8 39. Rxf8+ Bxf8) 38. Rxf8+ (38. Qxb7 Qd1+ 39. Ka2 Qxg1 40. Rxf8+ Bxf8 41. Qxc7 Qc1 $19) 38... Bxf8 $19 {[%cal Be7f8,Bf8h6,Bh6e3][%mdl 4128] Endgame KQB-KQB} 39. Qe3 (39. Qa4 {was called for.}) 39... Kh7 40. Ka2 Bxh6 41. Qf2 (41. Qd3 {was the only defense.}) 41... Kg6 (41... Qxe4 $2 {loses.} 42. Qf7+ Bg7 43. Qxc7 $19) 42. Bh2 $2 (42. Qc2 Qf3 43. c5) 42... Qxe4 {[%emt 0:00:03] aiming for ...Bf4. Black is clearly winning.} 43. Qg3+ Kh7 44. Kb3 Qe3+ 45. Qxe3 Bxe3 {[%emt 0:00:00] Black used his chance.   Weighted Error Value: White=0.96/Black=0.68} 0-1

[Event "Romanian Rapid Open 2022"]
[Site "Sebes"]
[Date "2022.12.02"]
[Round "5.11"]
[White "Secheres, Adrian-Simion"]
[Black "Dragomirescu, Calin"]
[Result "1/2-1/2"]
[ECO "E73"]
[WhiteElo "2365"]
[BlackElo "1971"]
[Annotator "TA"]
[PlyCount "55"]
[EventDate "2022.12.02"]
[EventType "rapid"]
[EventCountry "ROU"]
[SourceTitle "playchess.com"]
[Source "ChessBase"]
[SourceQuality "1"]
[TimeControl "600+5"]

1. d4 Nf6 2. c4 g6 3. Nc3 Bg7 4. e4 d6 5. Be2 O-O 6. h4 c5 {[%emt 0:00:14] The main line 6...c5 scores better than 6...h5.} 7. d5 e6 8. h5 exd5 {[%emt 0:00:01] E73: King's Indian: Averbakh Variation without 6...c5.} 9. exd5 Re8 10. Kf1 b5 {[%emt 0:00:43] The position is equal.} 11. cxb5 a6 {[%emt 0:00:04] [#]} 12. hxg6 $146 ({Predecessor:} 12. a4 axb5 13. Bxb5 Ba6 14. hxg6 Bxb5+ 15. Nxb5 hxg6 16. Ra3 Na6 17. Bh6 Qa5 18. Ne2 {1-0 (37) Parkhov,Y (2470)-Costachi,M (2476) Chess.com INT 2022}) 12... hxg6 13. Bg5 axb5 14. Bxb5 Ba6 15. Bxa6 Nxa6 16. Qf3 (16. Nge2 {simplifies} Qd7 17. Qd2 Ne4 18. Nxe4 Rxe4 19. Bh6) 16... Re5 (16... Rb8 $11 {feels stronger.}) 17. Ne4 $2 {[%emt 0:01:05][%mdl 8192] [#]} Rxe4 $2 ({Better is} 17... Nxe4 $1 $19 18. Qxe4 Qxg5) 18. Bxf6 $11 {[%emt 0:00:05][%mdl 64] Remove Defender} Qxf6 19. Qxe4 Qxb2 20. Re1 Nb4 {[%emt 0:00:29] Prevents a4.} (20... Bd4 21. Ne2 $16 (21. Qh4 Qb5+ 22. Ne2 Nb4 $14)) 21. g3 ({Don't go for} 21. Qh4 $2 Nd3 22. Nf3 (22. Rd1 $2 Qc2 $19) 22... Nxe1 23. Nxe1 Re8 24. Qh7+ Kf8 $19) 21... Qxa2 $40 {[%emt 0:00:54][%mdl 128] Black attacks.} ({Don't do} 21... Nxa2 22. Kg2 $14 (22. Qh4 Qb3 $11)) 22. Rh4 Qxd5 23. Qe2 (23. Qxd5 $11 {keeps the balance.} Nxd5 24. Rd1) 23... Qd3 (23... Bc3 $17 24. Rd1 Qc6) 24. Qxd3 Nxd3 25. Rd1 {[%emt 0:00:02] [#]} c4 {[%emt 0:00:08] Black is better.} 26. Rxc4 Nb2 27. Rcd4 Nxd1 28. Rxd1 {Weighted Error Value: White=0.46/Black=0.37} 1/2-1/2

[Event "Romanian Rapid Open 2022"]
[Site "Sebes"]
[Date "2022.12.02"]
[Round "5.12"]
[White "Cosma, Ioan"]
[Black "Dan, Cantemir-Dorian"]
[Result "1-0"]
[ECO "A43"]
[WhiteElo "2368"]
[BlackElo "2036"]
[Annotator "TA"]
[PlyCount "49"]
[EventDate "2022.12.02"]
[EventType "rapid"]
[EventCountry "ROU"]
[SourceTitle "playchess.com"]
[Source "ChessBase"]
[SourceQuality "1"]
[TimeControl "600+5"]

1. d4 Nf6 2. Nf3 c5 3. d5 d6 4. Nc3 g6 5. e4 Bg7 6. Be2 O-O 7. O-O Na6 8. Re1 Nc7 9. a4 Rb8 10. h3 b6 {[%emt 0:00:19] A43: Schmid Benoni.} 11. Bf4 a6 12. e5 Nfe8 {[%emt 0:00:21] White is slightly better.} 13. Bf1 {[%emt 0:00:37] [#]} b5 $146 ({Predecessor:} 13... Bb7 14. Qd2 Ba8 15. exd6 exd6 16. Bg5 Nf6 17. Qf4 b5 18. axb5 axb5 19. Rad1 b4 {1-0 (29) Tomazini,Z (2277)-Cingoz,O (1918) Kocaeli 2013}) 14. axb5 axb5 15. exd6 ({Better is} 15. Ra7 $14) 15... Nxd6 {[%emt 0:01:25] [#]} (15... exd6 $11 16. Bg5 Nf6) 16. Ne5 $1 $36 {[%emt 0:00:08][%mdl 2048] White is in control.} Bd7 17. Qd2 {[%emt 0:00:39] White is much more active.} b4 {[%emt 0:00:29] aiming for ...Bxe5.} 18. Na4 (18. Ne4 $16) 18... Bxa4 19. Rxa4 {[%emt 0:00:03] Hoping for Nc6.} e6 $2 {[%emt 0:00:20][%mdl 8192] This costs Black the game.} (19... Bxe5 $16 20. Rxe5 (20. Bxe5 Ra8 $14) 20... Ra8 21. Rxa8 Nxa8) 20. Nc6 $18 Qd7 21. Nxb8 Rxb8 22. dxe6 Qxa4 23. Qxd6 {[%emt 0:00:06] [#] Intending exf7+ and mate.} Rc8 24. exf7+ Kh8 25. Qxc7 {[%emt 0:00:12] Weighted Error Value: White=0.15 (very precise) /Black=1.06} 1-0